[Event "ICC tourney 2500 (45 10)"]
[Site "Internet Chess Club"]
[Date "2021.04.10"]
[Round "1"]
[White "PRICE, JOSH JAMES:PvzGuy13"]
[Black "GONG, JONATHAN YICHENG:Theutltl"]
[Result "0-1"]
[ICCResult "White resigns"]
[WhiteElo "1695"]
[BlackElo "1477"]
[Opening "Grünfeld: exchange variation"]
[ECO "D85"]
[NIC "GI.03"]
[Time "11:02:30"]
[PlyCount "85"]
[TimeControl "2700+10"]

1. d4 Nf6 2. c4 g6 3. Nc3 d5 4. cxd5 Nxd5 5. Bd2 Bg7 6. e4 Nxc3 7. Bxc3 O-O
8. Be2 c5 9. d5 e6 10. Qb3 Bxc3+ 11. bxc3 exd5 12. exd5 Nd7 13. Nf3 Re8 14.
Rd1 Nb6 15. Qb5 c4 16. Rd2 Bd7 17. Qc5 Rc8 18. Qd4 Bf5 19. O-O Re4 20. d6
Rxd4 21. Rxd4 Rc6 22. Rfd1 Bd3 23. Bxd3 cxd3 24. R1xd3 Nc4 25. d7 Nb6 26.
g3 Rc7 27. Ne5 f6 28. Ng4 Kg7 29. Re3 Rxd7 30. Rf4 Nd5 31. Rff3 Nxe3 32.
Nxe3 Rd3 33. Kg2 Rxc3 34. Nf5+ gxf5 35. Rxc3 Qd5+ 36. Rf3 b5 37. h3 h5 38.
a4 bxa4 39. g4 fxg4 40. h4 Qxf3+ 41. Kg1 a3 42. Kh2 a2 43. Kg1 { White
resigns } 0-1

[Event "ICC tourney 2500 (45 10)"]
[Site "Internet Chess Club"]
[Date "2021.04.10"]
[Round "1"]
[White "PU, LANDON:landonp"]
[Black "SLAGLE, JIM:Jim1108"]
[Result "1/2-1/2"]
[ICCResult "Game drawn by mutual agreement"]
[WhiteElo "1480"]
[BlackElo "1695"]
[Opening "French: Tarrasch, closed variation, main line"]
[ECO "C06"]
[NIC "FR.17"]
[Time "11:02:25"]
[PlyCount "88"]
[TimeControl "2700+10"]

1. e4 e6 2. d4 d5 3. Nd2 Nf6 4. e5 Nfd7 5. Bd3 c5 6. c3 Nc6 7. Ne2 cxd4 8.
cxd4 f6 9. exf6 Nxf6 10. O-O Bd6 11. Nf3 O-O 12. Be3 e5 13. dxe5 Nxe5 14.
Ng3 Nxf3+ 15. gxf3 Qe8 16. Bf5 Bxg3 17. Bxc8 Bxh2+ 18. Kxh2 Rxc8 19. f4
Qh5+ 20. Qxh5 Nxh5 21. Rg1 Nxf4 22. Rac1 Rxc1 23. Rxc1 Nd3 24. Rc7 Nxf2 25.
Bc5 Re8 26. Bxf2 Re2 27. Kg3 Rxb2 28. Bd4 Rxa2 29. Rxg7+ Kf8 30. Rxb7 a5
31. Rxh7 Rd2 32. Bb6 a4 33. Ra7 Ra2 34. Ra5 Ke7 35. Rxd5 Ke6 36. Ra5 Kd6
37. Kf3 Kc6 38. Bd8 Ra1 39. Ke2 a3 40. Bf6 Kb6 41. Ra4 Kb5 42. Ra8 Ra2+ 43.
Kd1 Kb4 44. Kc1 Kb3 { Game drawn by mutual agreement } 1/2-1/2

[Event "ICC tourney 2500 (45 10)"]
[Site "Internet Chess Club"]
[Date "2021.04.10"]
[Round "1"]
[White "THAIN, JACK:jt1819"]
[Black "Gong, Andrew:TheDude865"]
[Result "0-1"]
[ICCResult "White resigns"]
[WhiteElo "1734"]
[BlackElo "1521"]
[Opening "Scotch gambit"]
[ECO "C44"]
[NIC "SO.06"]
[Time "11:02:17"]
[PlyCount "116"]
[TimeControl "2700+10"]

1. e4 e5 2. Nf3 Nc6 3. d4 exd4 4. Bc4 Bc5 5. c3 Nge7 6. cxd4 Bb4+ 7. Bd2
Bxd2+ 8. Nbxd2 d5 9. exd5 Nxd5 10. O-O O-O 11. Re1 Nb6 12. Qb3 Na5 13. Qb5
Naxc4 14. Nxc4 c6 15. Qc5 Nxc4 16. Qxc4 Be6 17. Qc3 Qb6 18. b3 Rad8 19.
Rad1 Bg4 20. h3 Bxf3 21. Qxf3 Rxd4 22. Rxd4 Qxd4 23. Re7 Qb6 24. Qf5 Qa6
25. Qd7 b5 26. Re8 g6 27. Re7 Qxa2 28. Qxc6 Qxb3 29. Rxa7 Qd1+ 30. Kh2 Qd4
31. Rb7 Qxf2 32. Qd6 Qe2 33. Qd5 Qc4 34. Qe5 b4 35. Qb2 Qc3 36. Qa2 Qe5+
37. g3 Qe6 38. Qb2 Re8 39. Rxb4 Qe2+ 40. Qxe2 Rxe2+ 41. Kg1 Kg7 42. Rf4 f5
43. Rf2 Rxf2 44. Kxf2 Kf6 45. Kf3 g5 46. h4 h6 47. Ke3 gxh4 48. gxh4 Ke5
49. Kf3 h5 50. Ke3 f4+ 51. Kf3 Kf5 52. Kf2 Kg4 53. Kg2 Kxh4 54. Kf3 Kg5 55.
Kg2 Kg4 56. Kf2 f3 57. Kg1 Kg3 58. Kf1 f2 { White resigns } 0-1

[Event "ICC tourney 2500 (45 10)"]
[Site "Internet Chess Club"]
[Date "2021.04.10"]
[Round "1"]
[White "WANG, JESSICA:crazyhorse9"]
[Black "Badrinarayanan, Shashank:Shashankb05"]
[Result "0-1"]
[ICCResult "White forfeits on time"]
[WhiteElo "1529"]
[BlackElo "1743"]
[Opening "Two knights defense (Modern bishop's opening)"]
[ECO "C55"]
[NIC "IG.01"]
[Time "11:02:30"]
[PlyCount "60"]
[TimeControl "2700+10"]

1. e4 e5 2. Nf3 Nc6 3. Bc4 Nf6 4. d3 Be7 5. c3 O-O 6. O-O d6 7. Nbd2 h6 8.
Re1 a6 9. Bb3 Re8 10. Nf1 Bf8 11. Ng3 g6 12. h3 Bg7 13. Be3 Be6 14. Bc2 d5
15. Qd2 Kh7 16. Nh2 d4 17. cxd4 exd4 18. Bf4 g5 19. Bxg5 hxg5 20. Nf3 Bh6
21. Nxg5+ Bxg5 22. Qxg5 Ng8 23. Qh5+ Kg7 24. e5 Kf8 25. Ne4 Nce7 26. Ng5
Ng6 27. Re4 Bf5 28. Rf4 Rxe5 29. Nxf7 Nxf4 30. Qh8 Ng6 { White forfeits on
time } 0-1

[Event "ICC tourney 2500 (45 10)"]
[Site "Internet Chess Club"]
[Date "2021.04.10"]
[Round "1"]
[White "Xiao, Marina:marinaxiao"]
[Black "SETHURAMAN, ROSHAN:TheSuperKing"]
[Result "1/2-1/2"]
[ICCResult "Game drawn by repetition"]
[WhiteElo "1512"]
[BlackElo "1725"]
[Opening "Giuoco Piano"]
[ECO "C54"]
[NIC "IG.02"]
[Time "11:02:25"]
[PlyCount "111"]
[TimeControl "2700+10"]

1. e4 e5 2. Nf3 Nc6 3. Bc4 Bc5 4. c3 Nf6 5. d3 O-O 6. Nbd2 d6 7. a4 a5 8.
O-O h6 9. h3 Be6 10. Re1 Re8 11. Bb5 Rf8 12. Bc4 Bb6 13. Bxe6 fxe6 14. Nf1
Qe7 15. Ng3 Qf7 16. Be3 Bxe3 17. Rxe3 Nh7 18. Qd2 Ne7 19. d4 exd4 20. cxd4
Ng6 21. Rc1 c6 22. e5 d5 23. Ne1 Nf4 24. Rc5 g5 25. Rf3 Qc7 26. Qc2 Rf7 27.
Kh2 Raf8 28. Nf1 h5 29. g3 Nxh3 30. Rxf7 Qxf7 31. Kxh3 g4+ 32. Kg2 Ng5 33.
Nh2 Ne4 34. Rxa5 Nxf2 35. Qe2 Ne4 36. Nd3 Kh8 37. Qe3 Kh7 38. Nf4 h4 39.
Nxg4 hxg3 40. Nf6+ Nxf6 41. exf6 Qxf6 42. Qd3+ Kh6 43. Nh3 Kg7 44. Ra7 Rf7
45. Qxg3+ Qg6 46. Ng5 Qc2+ 47. Kh3 Qf5+ 48. Kh4 Kf6 49. Nxf7 Qh7+ 50. Kg4
Qf5+ 51. Kh4 Qh7+ 52. Kg4 Qf5+ 53. Kh4 Qh7+ 54. Kg4 Qf5+ 55. Kh4 Qh7+ 56.
Kg4 { Game drawn by repetition } 1/2-1/2

[Event "ICC tourney 2500 (45 10)"]
[Site "Internet Chess Club"]
[Date "2021.04.10"]
[Round "2"]
[White "TREUSDELL, ROSS G:IveDoneEnough"]
[Black "CHENG, ERIC:EricCheng-131"]
[Result "1-0"]
[ICCResult "Black checkmated"]
[WhiteElo "1649"]
[BlackElo "1383"]
[Opening "King's gambit"]
[ECO "C30"]
[NIC "KG.05"]
[Time "13:31:23"]
[PlyCount "51"]
[TimeControl "2700+10"]

1. e4 e5 2. f4 Nc6 3. Nf3 d6 4. Nc3 Nf6 5. Bb5 Bd7 6. O-O Be7 7. d4 exd4 8.
Nxd4 O-O 9. Nxc6 bxc6 10. Bd3 Bg4 11. Qe1 h5 12. h3 Bd7 13. e5 dxe5 14.
fxe5 Nd5 15. Qe4 f5 16. exf6 Nxf6 17. Rxf6 Bxf6 18. Qh7+ Kf7 19. Qxh5+ Ke7
20. Qc5+ Kf7 21. Qh5+ Ke7 22. Be3 Rf7 23. Bc5+ Ke8 24. Re1+ Be7 25. Qh8+
Rf8 26. Bg6# { Black checkmated } 1-0

[Event "ICC tourney 2500 (45 10)"]
[Site "Internet Chess Club"]
[Date "2021.04.10"]
[Round "2"]
[White "Huang, Bill:Elainelu"]
[Black "JIN, DAVID:smartgoldfish"]
[Result "0-1"]
[ICCResult "White resigns"]
[WhiteElo "1090"]
[BlackElo "1330"]
[Opening "Sicilian: dragon variation"]
[ECO "B70"]
[NIC "SI.15"]
[Time "13:31:24"]
[PlyCount "54"]
[TimeControl "2700+10"]

1. e4 c5 2. Nf3 d6 3. d4 cxd4 4. Nxd4 Nf6 5. Nc3 g6 6. Be2 Bg7 7. f3 O-O 8.
O-O a6 9. Be3 Nc6 10. Nb3 Bd7 11. a4 Rc8 12. a5 Ne5 13. Bb6 Qe8 14. Bd3 Be6
15. Re1 Nfd7 16. Bf2 Bc4 17. Nc1 Qd8 18. Qd2 e6 19. Bf1 Bxf1 20. Kxf1 Nc4
21. Qd3 Nxb2 22. Qxd6 Bxc3 23. Re2 Nc4 24. Qd3 Bxa1 25. Nb3 Bg7 26. Nc5
Nxc5 27. Qxc4 Qxa5 { White resigns } 0-1

[Event "ICC tourney 2500 (45 10)"]
[Site "Internet Chess Club"]
[Date "2021.04.10"]
[Round "2"]
[White "Patel, Arav:APBrain"]
[Black "HUSSAIN, FARAZ:ExceptionalFork"]
[Result "1-0"]
[ICCResult "Black resigns"]
[WhiteElo "1703"]
[BlackElo "1313"]
[Opening "QGD Slav: exchange variation, 6.Bf4 Bf5"]
[ECO "D14"]
[NIC "QP.11"]
[Time "13:31:13"]
[PlyCount "47"]
[TimeControl "2700+10"]

1. Nf3 Nf6 2. c4 c6 3. Nc3 d5 4. cxd5 cxd5 5. d4 Bf5 6. Bf4 Nc6 7. e3 e6 8.
a3 Bd6 9. Bg3 O-O 10. Bd3 Ne4 11. Qc2 Nxg3 12. hxg3 Bxd3 13. Qxd3 f5 14. g4
h6 15. gxf5 exf5 16. Nxd5 Bxa3 17. Qb3 Kh8 18. Rxa3 Qd6 19. Nf4 Rfe8 20.
O-O Re7 21. Nh4 Kh7 22. Nxf5 Qf6 23. Nxe7 Nxe7 24. Nd5 { Black resigns }
1-0

[Event "ICC tourney 2500 (45 10)"]
[Site "Internet Chess Club"]
[Date "2021.04.10"]
[Round "2"]
[White "SOMPURAM, AKHIL:Beast908"]
[Black "NGUYEN, THOMAS:tn285"]
[Result "1-0"]
[ICCResult "Black resigns"]
[WhiteElo "1305"]
[BlackElo "1582"]
[Opening "Giuoco Piano"]
[ECO "C54"]
[NIC "IG.02"]
[Time "13:31:30"]
[PlyCount "127"]
[TimeControl "2700+10"]

1. e4 e5 2. Nf3 Nc6 3. Bc4 Bc5 4. c3 Nf6 5. d4 exd4 6. cxd4 Bb4+ 7. Bd2
Bxd2+ 8. Nbxd2 d5 9. exd5 Nxd5 10. Qb3 Nce7 11. O-O O-O 12. Rfe1 c6 13.
Rac1 Re8 14. Ne4 h6 15. h3 Qb6 16. Bxd5 Nxd5 17. Qxb6 Nxb6 18. Nf6+ gxf6
19. Rxe8+ Kg7 20. Rce1 Be6 21. Re7 Rb8 22. R1xe6 Nd5 23. Re8 fxe6 24. Rxb8
b6 25. Rb7+ Kg6 26. Rxa7 Kf5 27. Kf1 Ke4 28. Ke2 Nf4+ 29. Kd2 Nxg2 30. Ra6
Kxf3 31. Rxb6 Kxf2 32. Rxc6 f5 33. Rxe6 f4 34. Re2+ Kg3 35. Re6 f3 36. Rg6+
Kxh3 37. Rxh6+ Kg3 38. Rg6+ Kh2 39. Rf6 Kg3 40. d5 Nf4 41. Rxf4 Kxf4 42.
Ke1 Ke5 43. b4 Kxd5 44. b5 Kc5 45. a4 Kb6 46. Kf2 Ka5 47. Kxf3 Kb6 48. Ke4
Kc5 49. Ke5 Kb6 50. Kd6 Kb7 51. Kc5 Kc7 52. a5 Kb7 53. a6+ Kc7 54. b6+ Kb8
55. Kc6 Ka8 56. b7+ Kb8 57. a7+ Kxa7 58. Kc7 Ka6 59. b8=Q Ka5 60. Qb6+ Ka4
61. Kc6 Ka3 62. Kc5 Ka2 63. Kc4 Ka1 64. Kc3 { Black resigns } 1-0

[Event "ICC tourney 2500 (45 10)"]
[Site "Internet Chess Club"]
[Date "2021.04.10"]
[Round "2"]
[White "SAHNI, HARTEJ:hartej"]
[Black "TANG, VINCENT:VincentT2008"]
[Result "0-1"]
[ICCResult "White resigns"]
[WhiteElo "1527"]
[BlackElo "1744"]
[Opening "two knights defense: Wilkes Barre (Traxler) variation"]
[ECO "C57"]
[NIC "KP.01"]
[Time "13:31:17"]
[PlyCount "138"]
[TimeControl "2700+10"]

1. e4 e5 2. Nf3 Nc6 3. Bc4 Nf6 4. Ng5 Bc5 5. Nc3 O-O 6. O-O h6 7. Nf3 d6 8.
h3 Ne7 9. d3 Ng6 10. Ne2 c6 11. a3 d5 12. Ba2 dxe4 13. dxe4 Nxe4 14. Qxd8
Rxd8 15. b4 Bb6 16. Bb2 Nd2 17. Nxd2 Rxd2 18. Ng3 Rxc2 19. Bc1 Bd4 20. Bb1
Rxc1 21. Rxc1 Bxa1 22. Bxg6 fxg6 23. Rxa1 Bf5 24. Rd1 Rf8 25. Re1 Re8 26.
f3 Kf7 27. Kf2 Ke6 28. Nf1 Rd8 29. Ne3 Rd2+ 30. Re2 Rxe2+ 31. Kxe2 b6 32.
Kd2 c5 33. Kc3 e4 34. g4 exf3 35. gxf5+ gxf5 36. Kd3 f4 37. Ng4 h5 38. Nf2
g5 39. Ke4 c4 40. Kxf3 Kd5 41. Ne4 Kd4 42. Nxg5 Kd3 43. Ne4 c3 44. Nxc3
Kxc3 45. Kxf4 Kb3 46. b5 Kxa3 47. Kg5 Kb4 48. Kxh5 Kxb5 49. Kg6 a5 50. h4
a4 51. h5 a3 52. Kf7 a2 53. h6 a1=Q 54. Kg8 Qh1 55. h7 Kc4 56. h8=Q Qxh8+
57. Kxh8 b5 58. Kg8 b4 59. Kg7 b3 60. Kf6 b2 61. Ke5 b1=Q 62. Ke6 Qb5 63.
Kf6 Qd5 64. Ke7 Kc5 65. Kf6 Kd6 66. Kg6 Qe5 67. Kh6 Qg3 68. Kh5 Ke5 69. Kh6
Kf6 { White resigns } 0-1

[Event "ICC tourney 2500 (45 10)"]
[Site "Internet Chess Club"]
[Date "2021.04.10"]
[Round "2"]
[White "DURANKO, GARY:gduranko"]
[Black "THOMAS, MICHAEL G:chesslin"]
[Result "0-1"]
[ICCResult "White resigns"]
[WhiteElo "1412"]
[BlackElo "1723"]
[Opening "Robatsch (modern) defense"]
[ECO "B06"]
[NIC "KF.05"]
[Time "13:31:18"]
[PlyCount "42"]
[TimeControl "2700+10"]

1. e4 g6 2. d4 Bg7 3. Nf3 d6 4. Be3 Nf6 5. Nc3 a6 6. a4 O-O 7. Bc4 Bg4 8.
h3 Bxf3 9. Qxf3 Nc6 10. Bb3 e5 11. dxe5 dxe5 12. Rd1 Nd4 13. Qg3 Nd7 14.
Bxd4 exd4 15. Ne2 Nc5 16. Nxd4 Bxd4 17. c3 Nxe4 18. Qf3 Bxf2+ 19. Qxf2 Nxf2
20. Rxd8 Raxd8 21. Kxf2 Rd2+ { White resigns } 0-1

[Event "ICC tourney 2500 (45 10)"]
[Site "Internet Chess Club"]
[Date "2021.04.10"]
[Round "2"]
[White "TIONG, RACHAEL:rachael1120"]
[Black "LIAO, CONNOR:che2468"]
[Result "1-0"]
[ICCResult "Black checkmated"]
[WhiteElo "1631"]
[BlackElo "1488"]
[Opening "Sicilian"]
[ECO "B56"]
[NIC "SI.25"]
[Time "13:31:13"]
[PlyCount "47"]
[TimeControl "2700+10"]

1. e4 c5 2. Nf3 d6 3. d4 cxd4 4. Nxd4 Nf6 5. Nc3 Nc6 6. Be3 Ng4 7. Qd2 Nxe3
8. Qxe3 Qb6 9. O-O-O g6 10. Nd5 Qd8 11. Nb5 Kd7 12. Ndc7 Rb8 13. Qh3+ e6
14. Bc4 Qg5+ 15. Kb1 Ke7 16. Nxd6 Bg7 17. Qa3 Bd7 18. Nxf7+ Kxf7 19. Rxd7+
Kf6 20. Qf3+ Ke5 21. Qc3+ Kf4 22. Nxe6+ Kg4 23. Qg3+ Kh5 24. Qxg5# { Black
checkmated } 1-0

[Event "ICC tourney 2500 (45 10)"]
[Site "Internet Chess Club"]
[Date "2021.04.10"]
[Round "2"]
[White "YU, ADRIAN:chessmonkey05"]
[Black "VISHWA, SUSHEEL:sushivishwa"]
[Result "1-0"]
[ICCResult "Black checkmated"]
[WhiteElo "1617"]
[BlackElo "1738"]
[Opening "Ruy Lopez: 5.O-O"]
[ECO "C78"]
[NIC "RL.12"]
[Time "13:31:15"]
[PlyCount "109"]
[TimeControl "2700+10"]

1. e4 e5 2. Nf3 Nc6 3. Bb5 a6 4. Ba4 Nf6 5. O-O b5 6. Bb3 Bc5 7. a4 Rb8 8.
c3 d6 9. d4 Bb6 10. a5 Ba7 11. h3 O-O 12. Qd3 Bb7 13. Bg5 h6 14. Bh4 g5 15.
Bg3 Re8 16. Nbd2 Nh5 17. Bh2 Qf6 18. dxe5 Nxe5 19. Nxe5 dxe5 20. Nf3 Rbd8
21. Qe2 Nf4 22. Bxf4 exf4 23. e5 Bxf3 24. Qxf3 Rxe5 25. Rad1 Rxd1 26. Rxd1
Qe7 27. Qa8+ Kg7 28. Qxa7 Re1+ 29. Rxe1 Qxe1+ 30. Kh2 f3 31. Qd4+ Kg8 32.
gxf3 Qe2 33. Qe3 Qxe3 34. fxe3 c5 35. Bd5 Kf8 36. Bb7 b4 37. Bxa6 bxc3 38.
bxc3 Ke7 39. Kg3 Kd6 40. Kg4 Kc6 41. c4 Kc7 42. Kf5 Kb8 43. Kf6 Ka7 44. Bb5
h5 45. Kxg5 h4 46. Kxh4 f5 47. Kg5 f4 48. Kxf4 Ka8 49. h4 Ka7 50. h5 Kb7
51. h6 Ka7 52. h7 Kb7 53. h8=Q Kc7 54. Qg7+ Kd6 55. Qd7# { Black checkmated
} 1-0

[Event "ICC tourney 2500 (45 10)"]
[Site "Internet Chess Club"]
[Date "2021.04.10"]
[Round "2"]
[White "SKARIAH, ANUSHKA ELIZABETH:kskariah"]
[Black "Xiao, Marina:marinaxiao"]
[Result "1-0"]
[ICCResult "Black checkmated"]
[WhiteElo "1352"]
[BlackElo "1512"]
[Opening "Sicilian: Pelikan, Chelyabinsk variation"]
[ECO "B33"]
[NIC "SI.37"]
[Time "13:31:18"]
[PlyCount "105"]
[TimeControl "2700+10"]

1. e4 c5 2. Nf3 Nc6 3. d4 cxd4 4. Nxd4 Nf6 5. Nc3 e5 6. Ndb5 d6 7. Bg5 a6
8. Na3 b5 9. Nd5 Be7 10. Bxf6 Bxf6 11. c3 O-O 12. Nc2 Bg5 13. a4 bxa4 14.
Rxa4 a5 15. Bb5 Ne7 16. Nxe7+ Qxe7 17. O-O f5 18. Bc6 Ra7 19. b4 Bh4 20.
Rxa5 Rxa5 21. bxa5 fxe4 22. Bxe4 Kh8 23. Ne3 Qa7 24. Qh5 g5 25. g3 Bh3 26.
Rb1 Qg7 27. Rb7 Bd7 28. Nf5 Qg6 29. Qxg6 hxg6 30. Nxh4 gxh4 31. Rxd7 hxg3
32. hxg3 Kg8 33. Bxg6 Kh8 34. a6 Kg8 35. a7 Ra8 36. Re7 Kf8 37. Re8+ Rxe8
38. Bxe8 Kxe8 39. a8=Q+ Ke7 40. Qb7+ Ke6 41. c4 Kf6 42. Qd7 Kg5 43. f4+
exf4 44. gxf4+ Kxf4 45. Kf2 Ke4 46. Qxd6 Kf5 47. c5 Ke4 48. c6 Kf5 49. c7
Ke4 50. c8=R Kf5 51. Rc5+ Ke4 52. Qd5+ Kf4 53. Rc4# { Black checkmated }
1-0

[Event "ICC tourney 2500 (45 10)"]
[Site "Internet Chess Club"]
[Date "2021.04.10"]
[Round "2"]
[White "ATLURI, PRATHIK:ChessStar22"]
[Black "Jang, Jia-Syuan Eric:tricksterssbu"]
[Result "1-0"]
[ICCResult "Black resigns"]
[WhiteElo "1379"]
[BlackElo "1594"]
[Opening "QGD semi-Slav"]
[ECO "D43"]
[NIC "SL.03"]
[Time "13:31:33"]
[PlyCount "105"]
[TimeControl "2700+10"]

1. d4 d5 2. c4 c6 3. Nc3 Nf6 4. Nf3 e6 5. Bg5 Be7 6. e3 Nbd7 7. cxd5 exd5
8. Bd3 O-O 9. O-O Re8 10. Qc2 h6 11. Bh4 Ne4 12. Bxe7 Qxe7 13. Nd2 Ndf6 14.
Ncxe4 Nxe4 15. Rfe1 Bf5 16. f3 Nxd2 17. Qxd2 Bxd3 18. Qxd3 Rad8 19. a3 Qc7
20. Rac1 Rd6 21. b4 Rde6 22. Rc3 Qe7 23. Qd2 f5 24. f4 g5 25. Qf2 gxf4 26.
Qxf4 Qg5 27. Qxg5+ hxg5 28. Kf2 Kg7 29. Kf3 Kg6 30. g3 g4+ 31. Kf2 Kg5 32.
a4 Rh8 33. Rh1 a6 34. Rb3 Rhh6 35. Rc3 Rh7 36. Rb3 Kf6 37. Kg2 f4 38. gxf4
Rh3 39. Re1 Kf5 40. Rc3 Reh6 41. Rh1 g3 42. e4+ Kxf4 43. hxg3+ Rxg3+ 44.
Rxg3 Rxh1 45. Kxh1 dxe4 46. Rg7 e3 47. Rxb7 Ke4 48. Kg1 Kxd4 49. Kf1 Kd3
50. Ke1 Kc4 51. Ke2 c5 52. bxc5 Kxc5 53. Kxe3 { Black resigns } 1-0

[Event "ICC tourney 2500 (45 10)"]
[Site "Internet Chess Club"]
[Date "2021.04.10"]
[Round "2"]
[White "MOSS, MARVIN:mmoss2932"]
[Black "SULTAN, BASHIR Cisse:muzikmixer"]
[Result "0-1"]
[ICCResult "White resigns"]
[WhiteElo "1688"]
[BlackElo "1526"]
[Opening "Old Indian defense"]
[ECO "A42"]
[NIC "OI.07"]
[Time "13:31:33"]
[PlyCount "60"]
[TimeControl "2700+10"]

1. d4 d6 2. c4 e5 3. e3 Nc6 4. d5 Nce7 5. Nc3 f5 6. e4 g6 7. Nf3 Nh6 8. Be2
Nf7 9. Ng5 Nxg5 10. Bxg5 Bg7 11. Qc2 O-O 12. O-O-O h6 13. Be3 f4 14. Bd2 c5
15. f3 a6 16. Kb1 Bd7 17. Rdg1 b5 18. cxb5 axb5 19. Bxb5 Bxb5 20. Nxb5 Qb6
21. Nc3 Rfb8 22. Ka1 Nc8 23. g3 g5 24. h4 Qa6 25. hxg5 hxg5 26. Qb1 Nb6 27.
gxf4 Nc4 28. Bc1 Na3 29. bxa3 Rxb1+ 30. Kxb1 Qd3+ { White resigns } 0-1

[Event "ICC tourney 2500 (45 10)"]
[Site "Internet Chess Club"]
[Date "2021.04.10"]
[Round "2"]
[White "KONG, MILO JAMES:therealkingkong"]
[Black "Xia, Joshua:MathMonkey"]
[Result "1/2-1/2"]
[ICCResult "Game drawn by mutual agreement"]
[WhiteElo "1589"]
[BlackElo "1411"]
[Opening "Ruy Lopez: exchange variation"]
[ECO "C68"]
[NIC "RL.08"]
[Time "13:31:34"]
[PlyCount "106"]
[TimeControl "2700+10"]

1. e4 e5 2. Nf3 Nc6 3. Bb5 a6 4. Bxc6 dxc6 5. h3 Nf6 6. O-O Bd6 7. Re1 O-O
8. d4 Nd7 9. c3 f6 10. Be3 Nb6 11. Nbd2 Be6 12. b3 exd4 13. Nxd4 Bf7 14.
Nf5 Be5 15. Rc1 Be6 16. Nd4 Re8 17. N2f3 Qd6 18. Nxe6 Qxe6 19. Nd4 Qd6 20.
Qg4 Bxd4 21. cxd4 a5 22. a4 Rad8 23. Bf4 Qd7 24. Qxd7 Rxd7 25. Rcd1 Red8
26. Be3 Kf7 27. f4 Nc8 28. e5 fxe5 29. fxe5 c5 30. e6+ Kxe6 31. Bg5+ Kf7
32. Bxd8 Rxd8 33. dxc5 Rxd1 34. Rxd1 Ke6 35. Kf2 Ne7 36. Rd8 Nd5 37. Rb8 b6
38. cxb6 cxb6 39. Rb7 Kf6 40. g4 h6 41. Kf3 g6 42. Ke4 Ke6 43. Rg7 Ne7 44.
Rxe7+ Kxe7 45. Ke5 g5 46. Kd4 Kd6 47. Kc4 Kc6 48. b4 axb4 49. Kxb4 Kb7 50.
Kc3 Kc6 51. Kc4 Kd6 52. Kd4 Kc6 53. Kc4 Kd6 { Game drawn by mutual
agreement } 1/2-1/2

[Event "ICC tourney 2500 (45 10)"]
[Site "Internet Chess Club"]
[Date "2021.04.10"]
[Round "2"]
[White "BRAHMANAPALLY, SARVAGNYA:bsarvagnya"]
[Black "WANG, YUANZHE:yogokings12"]
[Result "0-1"]
[ICCResult "White resigns"]
[WhiteElo "1318"]
[BlackElo "1592"]
[Opening "Sicilian: dragon variation"]
[ECO "B70"]
[NIC "SI.15"]
[Time "13:31:34"]
[PlyCount "76"]
[TimeControl "2700+10"]

1. e4 c5 2. Nf3 d6 3. d4 cxd4 4. Nxd4 Nf6 5. Nc3 g6 6. Bc4 Bg7 7. Be3 Ng4
8. Qd2 Nxe3 9. fxe3 O-O 10. O-O Nc6 11. Nxc6 bxc6 12. Rf2 e6 13. Raf1 d5
14. exd5 cxd5 15. Bb3 Ba6 16. Re1 d4 17. Ne4 dxe3 18. Qxd8 exf2+ 19. Kxf2
Raxd8 20. h4 Bxb2 21. Kf3 Bb7 22. Kf2 Bd4+ 23. Kf1 Bxe4 24. Rxe4 Bb6 25. c3
Rc8 26. c4 Rfd8 27. Rg4 Rd4 28. Rxd4 Bxd4 29. Ke2 e5 30. g4 Kg7 31. g5 h6
32. Kf3 hxg5 33. hxg5 f5 34. gxf6+ Kxf6 35. Ke4 g5 36. Kf3 Rb8 37. Bd1 Rb2
38. a4 Rb4 { White resigns } 0-1

[Event "ICC tourney 2500 (45 10)"]
[Site "Internet Chess Club"]
[Date "2021.04.10"]
[Round "2"]
[White "WANG, TED:tedwpnw"]
[Black "THAIN, JACK:jt1819"]
[Result "0-1"]
[ICCResult "White checkmated"]
[WhiteElo "1482"]
[BlackElo "1734"]
[Opening "Caro-Kann: classical, Flohr variation"]
[ECO "B18"]
[NIC "CK.10"]
[Time "13:31:17"]
[PlyCount "156"]
[TimeControl "2700+10"]

1. e4 c6 2. d4 d5 3. Nc3 dxe4 4. Nxe4 Bf5 5. Ng3 Bg6 6. Nh3 e6 7. Bc4 Nf6
8. O-O Bd6 9. Bf4 O-O 10. c3 Nd5 11. Bxd5 cxd5 12. Qd2 Nc6 13. Bxd6 Qxd6
14. Nf4 Rac8 15. Rfe1 b5 16. b4 Ne7 17. a4 a6 18. axb5 axb5 19. Ra5 Qc6 20.
Rc1 Ra8 21. Rca1 Rxa5 22. Rxa5 Ra8 23. Qa2 Rc8 24. Ra3 Nf5 25. Nxf5 Bxf5
26. Ne2 Bd3 27. Nc1 Bc4 28. Nb3 g6 29. Qb2 Bxb3 30. Qxb3 Kg7 31. g3 Qc4 32.
Qxc4 Rxc4 33. Kg2 Kf6 34. f4 g5 35. Kf3 gxf4 36. gxf4 Kf5 37. h3 h5 38. Ke3
Rc8 39. Kf3 h4 40. Ke3 Rg8 41. Ra7 Rg3+ 42. Kf2 Kf6 43. Rb7 Rxh3 44. Rxb5
Rxc3 45. Rc5 Rd3 46. b5 Rxd4 47. Ke3 Rb4 48. Kf3 Kf5 49. Rc7 Rxf4+ 50. Ke3
Ke5 51. b6 Rb4 52. b7 f5 53. Kf3 Rb3+ 54. Ke2 f4 55. Rh7 h3 56. Rxh3 Rxb7
57. Rh5+ Ke4 58. Rh6 e5 59. Rh3 Rb2+ 60. Ke1 f3 61. Rh4+ Ke3 62. Kd1 e4 63.
Rh3 d4 64. Kc1 Rg2 65. Kd1 Kf4 66. Rh4+ Rg4 67. Rxg4+ Kxg4 68. Kd2 e3+ 69.
Ke1 d3 70. Kf1 e2+ 71. Ke1 Kg3 72. Kd2 f2 73. Kxd3 e1=Q 74. Kd4 f1=Q 75.
Kc5 Qd2 76. Kc6 Qfc1+ 77. Kb6 Qdb2+ 78. Ka5 Qca1# { White checkmated } 0-1

[Event "ICC tourney 2500 (45 10)"]
[Site "Internet Chess Club"]
[Date "2021.04.10"]
[Round "2"]
[White "ZHANG, SUNNY:AboardBuffalo"]
[Black "WU, JONATHAN ZUANXU:wulovechess"]
[Result "0-1"]
[ICCResult "White resigns"]
[WhiteElo "1669"]
[BlackElo "1511"]
[Opening "Petrov three knights game"]
[ECO "C42"]
[NIC "RG.01"]
[Time "13:31:32"]
[PlyCount "86"]
[TimeControl "2700+10"]

1. e4 e5 2. Nf3 Nf6 3. Nc3 Bc5 4. Nxe5 Nc6 5. Nxc6 dxc6 6. Bc4 Ng4 7. d4
Bxd4 8. Qf3 Ne5 9. Qe2 Bg4 10. f3 Qh4+ 11. Kd1 O-O-O 12. Bd2 Nxc4 13. Qxc4
Be3 14. Nb1 Rxd2+ 15. Nxd2 Rd8 16. Qe2 Rxd2+ 17. Qxd2 Bxd2 18. Kxd2 Qf2+
19. Kd3 Be6 20. Rhg1 c5 21. b3 Qd4+ 22. Ke2 Qc3 23. Rac1 c4 24. Rgd1 cxb3
25. axb3 Bd7 26. Kf2 Qf6 27. Kg1 Qg5 28. Kh1 h5 29. Ra1 a6 30. Rd5 Qf6 31.
Rad1 Be6 32. Rxh5 b6 33. Rh8+ Kb7 34. Rhd8 Qc3 35. R8d2 f5 36. h3 fxe4 37.
fxe4 Qe3 38. Rd4 Qe2 39. R1d2 Qe1+ 40. Kh2 g5 41. Rd1 Qe3 42. b4 g4 43.
R1d3 g3+ { White resigns } 0-1